 Dungeon Crawl Stone Soup version 0.19-a0-212-gd839b17 (webtiles) character file.

16 AlphabetPasta the Sneak (level 2, 0/13 HPs)
             Began as a Spriggan Summoner on May 24, 2016.
             Succumbed to an adder's poison
             ... on level 2 of the Dungeon.
             The game lasted 00:03:51 (685 turns).

AlphabetPasta the Sneak (Spriggan Summoner)          Turns: 685, Time: 00:03:52

Health: 0/13       AC:  2    Str:  4    XL:     2   Next: 41%
Magic:  3/6        EV: 18    Int: 16    God:
Gold:   54         SH:  0    Dex: 16    Spells: 2 memorised, 3 levels left

rFire  . . .     SeeInvis +     e - +0 hand axe
rCold  . . .     Gourm    .     a - +0 robe
rNeg   . . .     Faith    .     (shield restricted)
rPois  .         Spirit   .     (helmet restricted)
rElec  .         Dismiss  .     (no cloak)
rCorr  .         Reflect  .     (gloves unavailable)
SustAt .         Harm     .     (boots unavailable)
MR     .....                    (no amulet)
Stlth  +++.......               (no ring)
                                (no ring)

@: lethally poisoned (0 -> -6), very quick, not resistant to hostile
enchantments, fairly stealthy
A: unfitting armour, see invisible, herbivore 3, speed 3, slow metabolism 2
a: no special abilities


You were on level 2 of the Dungeon.
You were not hungry.

You visited 1 branch of the dungeon, and saw 2 of its levels.

You collected 54 gold pieces.

Inventory:

Hand Weapons
 e - a +0 hand axe (weapon)
Armour
 a - a +0 robe (worn)
Scrolls
 f - 2 scrolls of teleportation {unknown}
Potions
 g - a potion of magic {unknown}
 h - a potion of degeneration {unknown}
 j - a potion of flight {unknown}
Books
 b - a book of Callings

   Spells                             Type                      Level
   a - Summon Small Mammal            Summoning                    1
   b - Call Imp                       Summoning                    2
   c - Call Canine Familiar           Summoning                    3
   d - Summon Guardian Golem          Hexes/Summoning              3
   e - Summon Lightning Spire         Summoning/Air                4
   f - Summon Ice Beast               Ice/Summoning                4
Comestibles
 c - a bread ration
 i - a royal jelly


   Skills:
 + Level 3.3 Dodging
 + Level 3.7 Stealth
 + Level 2.8 Spellcasting
 + Level 3.4 Summonings


You had 3 spell levels left.
You knew the following spells:

 Your Spells              Type           Power        Failure   Level  Hunger
a - Summon Small Mammal   Summ           ##..         6%          1    #......
b - Call Imp              Summ           ##......     10%         2    ##.....


Dungeon Overview and Level Annotations

Branches:
Dungeon (2/15)

Altars:


Innate Abilities, Weirdness & Mutations

You are tiny and cannot use many weapons and most armour.
You have supernaturally acute eyesight. (SInv)
You are a herbivore.
You cover ground extremely quickly.
You need consume almost no food.


Message History

The adder is heavily wounded.
The adder misses you.
Your shadow imp gestures at the adder.
The adder barely resists.
The adder closely misses your shadow imp.
You hit the adder.
The adder is severely wounded.
The adder misses you.
Your shadow imp barely misses the adder.
You closely miss the adder.
The adder is severely wounded.
The adder bites you.
* * * LOW HITPOINT WARNING * * *
You are lethally poisoned!
The adder poisons you!
Your shadow imp completely misses the adder.
The adder misses you.
Drink which item? (? for menu, Esc to quit)
It was a potion of cancellation.
You feel magically purged.
You die...

###.######## .#
#..........# .##
#..........# #K.
#....†<..%.# ..#
#..........# ..#
#...)......# ##..#####
#..........# #........
#..........######S#.#
#......[........@.5.#
####..########...##.....
#..# #.### .##... ##.##
####.# # ..
#..######....#
###..........###
#............#
..##.........# .#
#.(.........#


You could see an adder, a kobold (sleeping) and a friendly shadow imp.

Vanquished Creatures
  An ooze (D:2)
  A giant cockroach (D:1)
  3 hobgoblins
  A giant newt (D:1)
  3 rats
9 creatures vanquished.

Vanquished Creatures (collateral kills)
  A goblin (D:1)
  A hobgoblin (D:1)
  A kobold (D:1)
  A bat (D:1)
4 creatures vanquished.

Grand Total: 13 creatures vanquished

Notes
Turn   | Place    | Note
--------------------------------------------------------------
     0 | D:1      | AlphabetPasta the Spriggan Summoner began the quest for the Orb.
     0 | D:1      | Reached XP level 1. HP: 9/9 MP: 5/5
   447 | D:1      | Reached XP level 2. HP: 11/13 MP: 6/6
   451 | D:1      | Learned a level 2 spell: Call Imp
   685 | D:2      | Succumbed to an adder's poison

Vault maps used:
D:1:      minmay_arrival_arboretum_small

Action                   || total
-------------------------++-------
Melee: Unarmed           ||    28
       Hand axe          ||    30
 Cast: Summon Small Mamm ||     4
       Call Imp          ||     2
  Use: Potion            ||     1
 Stab: Sleeping          ||     4
       Distracted        ||     1
Armor: Robe              ||     6
Dodge: Dodged            ||    51
